 Dungeon Crawl Stone Soup version 0.17.1-2-g5865329 (webtiles) character file.

23195 inmateoo the Carver (level 13, 0/90 HPs)
             Began as a Halfling Fighter on Feb 14, 2016.
             Was a High Priest of Okawaru.
             Slain by an eight-headed hydra (11 damage)
             ... on level 5 of the Lair of Beasts.
             The game lasted 00:32:09 (14922 turns).

inmateoo the Carver (Halfling Fighter)             Turns: 14922, Time: 00:32:10

Health: 0/90       AC: 21    Str: 18    XL:     13   Next: 33%
Magic:  17/17      EV:  3    Int:  7    God:    Okawaru [*****.]
Gold:   474        SH: 13    Dex: 17    Spells: 0 memorised, 12 levels left

rFire  + . .     SeeInvis .     T - +2 scimitar (elec)
rCold  . . .     Clarity  .     f - +0 chain mail
rNeg   . . .     SustAt   .     c - +0 shield
rPois  +         Gourm    .     J - +1 helmet
rElec  .         Spirit   .     x - +0 cloak
rCorr  .         Warding  .     n - +1 pair of gloves
rMut   +         Stasis   .     r - +2 pair of boots
MR     .....                    y - amulet of resist mutation
Stlth  ..........               I - ring of poison resistance
                                t - ring of protection from fire

@: lethally poisoned (0 -> 0), not resistant to hostile enchantments, extremely
unstealthy
A: mutation resistance 1
a: Heroism, Finesse, Renounce Religion


You were on level 5 of the Lair of Beasts.
You worshipped Okawaru.
Okawaru was extremely pleased with you.
You were not hungry.

You visited 3 branches of the dungeon, and saw 17 of its levels.

You collected 990 gold pieces.
You spent 516 gold pieces at shops.

Inventory:

Hand Weapons
 a - a +3 long sword
 q - the +5 hand axe "Zefuimpim" {venom, *Confuse rPois rN+ Str+5}
   (You found it on level 5 of the Dungeon)

   It poisons the flesh of those it strikes.
   It affects your strength (+5).
   It protects you from poison.
   It protects you from negative energy.
   It may confuse you when you take damage.
 T - a +2 scimitar of electrocution (weapon)
Armour
 c - a +0 shield (worn)
 f - a +0 chain mail (worn)
 n - a +1 pair of gloves (worn)
 r - a +2 pair of boots (worn)
 x - a +0 cloak (worn)
 J - a +1 helmet (worn)
Jewellery
 k - an uncursed amulet of regeneration
 m - an uncursed ring of protection from magic
 t - a ring of protection from fire (left hand)
 u - an uncursed ring of protection from magic
 y - an amulet of resist mutation (around neck)
 I - a ring of poison resistance (right hand)
Wands
 h - a wand of fire (0)
 v - a wand of heal wounds (1)
 A - a wand of disintegration (13)
 B - a wand of digging (5)
 G - a wand of teleportation (0)
Scrolls
 i - 10 scrolls of remove curse
 D - a scroll of enchant armour
 F - 2 scrolls of magic mapping
 M - a scroll of enchant weapon
 N - a scroll of holy word
 R - 3 scrolls of immolation
Potions
 g - 10 potions of curing
 l - 2 potions of magic
 o - 3 potions of haste
 s - a potion of flight
 K - a potion of lignification
 L - a potion of agility
 S - a potion of brilliance
Books
 b - a book of Clouds

   Spells                             Type                      Level
   a - Mephitic Cloud                 Conjuration/Poison/Air       3
   b - Conjure Flame                  Conjuration/Fire             3
   c - Poisonous Cloud                Conjuration/Poison/Air       6
   d - Freezing Cloud                 Conjuration/Ice/Air          6
   e - Ring of Flames                 Charms/Fire                  7
 C - a book of Frost

   Spells                             Type                      Level
   a - Freeze                         Ice                          1
   b - Throw Frost                    Conjuration/Ice              2
   c - Ozocubu's Armour               Charms/Ice                   3
   d - Throw Icicle                   Conjuration/Ice              4
   e - Summon Ice Beast               Ice/Summoning                4
   f - Condensation Shield            Ice                          4
 Q - a book of Unlife

   Spells                             Type                      Level
   a - Recall                         Summoning/Translocation      3
   b - Animate Dead                   Necromancy                   4
   c - Control Undead                 Necromancy                   4
   d - Cigotuvi's Embrace             Necromancy                   5
   e - Death Channel                  Necromancy                   6
   f - Simulacrum                     Ice/Necromancy               6
Miscellaneous
 d - a box of beasts {used: 6}
 P - a lamp of fire (inert)
Comestibles
 e - 6 bread rations
 p - 6 meat rations
 w - 6 slices of pizza
 z - 23 fruits


   Skills:
 + Level 9.0 Fighting
 * Level 13.1 Long Blades
 + Level 10.5 Armour
 + Level 10.6 Shields
 + Level 6.5 Invocations


You had 12 spell levels left.
You didn't know any spells.

Dungeon Overview and Level Annotations

Branches:
Dungeon (11/15)            Temple (1/1) D:5            Lair (5/8) D:8
    Orc (0/4) D:9
  Swamp: Lair:3-6    Shoals: Lair:3-6     Snake: Lair:3-6    Spider: Lair:3-6

Altars:
Ashenzari
Dithmenos
Gozag
Makhleb
Nemelex Xobeh
Okawaru
Qazlal
Sif Muna
Vehumet
Yredelemnul
The Shining One

Shops:
D:5 !   D:10 !

Annotations:
D:9 exclusion: 2 doors
Lair:2 exclusion: oklob plant
Lair:3 Rupert


Innate Abilities, Weirdness & Mutations

You are small and have problems with some larger weapons.
You are somewhat resistant to further mutation.


Message History

The eight-headed hydra barely misses you.
The eight-headed hydra bites you.
* * * LOW HITPOINT WARNING * * *
The eight-headed hydra bites you but does no damage. x2
You block the eight-headed hydra's attack.
Unknown command.
Unknown command.
Unknown command.
You feel sick.
Unknown command.
There is a stone staircase leading up here.
Unknown command.
You block the eight-headed hydra's attack.
The eight-headed hydra completely misses you.
The eight-headed hydra bites you but does no damage.
The eight-headed hydra bites you.
* * * LOW HITPOINT WARNING * * *
The eight-headed hydra bites you but does no damage. x3
The eight-headed hydra bites you!
You die...

#...........# ##.........## ##
##..........# #.### #..........##
#.P.# #### ##.........# #.P.#
#.#.. ##P.......######..####...#
#...................#.)... ##
##.#.......##..####.....#.#
##.##......l.D@....#...#.#.#...
#.....P......H..#....#.....#.#.
###...#..DP........#.#...#.#...
####........##P......#.......#...
#.#.........P.........##.##..##.#
...........(.......÷.........†.##
.#.........#####.........#######
.†...÷....## ##.......##
.†........# ##..†..##


You could see 2 eight-headed hydras, a hippogriff and a basilisk.

Vanquished Creatures
  Snorg (Lair:3)
  A hydra (Lair:5)
  Pikel (D:6)
  A griffon (Lair:2)
  A hill giant (D:10)
  A black mamba (Lair:5)
  A gargoyle (D:10)
  4 spiny frogs
  3 fire drakes (Lair:5)
  3 komodo dragons
  A polar bear (D:10)
  Grinder (D:5)
  3 trolls
  3 blink frogs (Lair:2)
  2 wyverns (Lair:5)
  22 yaks
  A hill giant zombie (D:9)
  A mottled dragon (D:11)
  A steam dragon (D:9)
  4 basilisks
  5 hippogriffs
  3 hungry ghosts
  The ghost of inmateoo the Cutter, an amateur HaSk of Dithmenos (D:3)
  9 wolves
  5 water moccasins
  A sky beast (D:5)
  8 porcupines
  4 ogres
  2 black bears
  5 centaurs
  5 ice beasts
  4 orc warriors
  3 phantoms
  3 crocodiles
  4 big kobolds
  12 giant frogs
  2 gnoll sergeants (D:10)
  A scorpion (D:7)
  12 killer bees
  A troll zombie (D:9)
  2 electric eels (D:10)
  5 crimson imps
  5 iguanas
  4 jellies
  4 giant frog skeletons
  3 hounds
  Crazy Yiuf (D:6)
  17 orc priests
  Ijyb (D:3)
  10 orc wizards
  A gnoll shaman (D:6)
  5 worker ants
  2 killer bee zombies
  6 sheep
  6 ogre zombies (D:9)
  A centaur simulacrum (D:10)
  3 hound skeletons
  2 hound zombies
  A worker ant zombie (D:5)
  9 adders
  22 gnolls
  71 river rats
  4 white imps (D:10)
  4 shadow imps
  An ufetubus (D:10)
  An ooze (D:3)
  2 adder zombies
  2 worms
  2 giant geckos
  39 orcs
  3 bats (D:1)
  6 hobgoblins
  17 jackals
  2 quokkas
  2 ball pythons
  8 giant cockroaches
  5 giant newts
  7 goblins
  2 goblin skeletons (D:9)
  3 goblin zombies (D:9)
  2 hobgoblin skeletons (D:9)
  4 hobgoblin zombies (D:9)
  13 kobolds
  13 orc zombies (D:9)
  6 rats
  A plant (Lair:2)
476 creatures vanquished.

Vanquished Creatures (collateral kills)
  Fannar (Lair:3)
1 creature vanquished.

Vanquished Creatures (others)
  A white imp (D:10)
  3 fungi
  A plant (Lair:4)
5 creatures vanquished.

Grand Total: 482 creatures vanquished

Notes
Turn   | Place    | Note
--------------------------------------------------------------
     0 | D:1      | inmateoo the Halfling Fighter began the quest for the Orb.
     0 | D:1      | Reached XP level 1. HP: 15/15 MP: 1/1
   138 | D:1      | Reached XP level 2. HP: 17/20 MP: 2/2
   459 | D:1      | Reached XP level 3. HP: 21/25 MP: 3/3
   921 | D:2      | Reached XP level 4. HP: 29/31 MP: 4/4
  1350 | D:3      | HP: 1/31 [orc priest/nerve-wracking pain (9)]
  1393 | D:3      | Reached XP level 5. HP: 22/36 MP: 5/5
  1396 | D:3      | Reached skill level 4 in Long Blades
  1485 | D:3      | Noticed inmateoo's ghost (amateur HaSk)
  1528 | D:3      | Killed inmateoo's ghost
  1528 | D:3      | Reached XP level 6. HP: 36/42 MP: 6/6
  1594 | D:3      | Noticed Ijyb
  1628 | D:3      | Killed Ijyb
  2175 | D:4      | Reached skill level 5 in Long Blades
  2175 | D:4      | Reached XP level 7. HP: 12/46 MP: 7/7
  2310 | D:5      | Entered Level 5 of the Dungeon
  2637 | D:4      | Reached skill level 5 in Armour
  2637 | D:4      | Reached skill level 5 in Shields
  2637 | D:4      | Reached XP level 8. HP: 28/54 MP: 8/8
  2848 | D:4      | Reached skill level 6 in Long Blades
  2976 | D:5      | Found a staircase to the Ecumenical Temple.
  2995 | Temple   | Entered the Ecumenical Temple
  3012 | Temple   | Became a worshipper of Warmaster Okawaru
  3265 | D:5      | Gained mutation: You have supernaturally acute eyesight. [mutagenic meat]
  3266 | D:5      | Gained mutation: Your body sometimes deteriorates upon taking damage. [mutagenic meat]
  3362 | D:5      | Found Lezuan's Distillery.
  3362 | D:5      | Noticed Grinder
  3367 | D:5      | Killed Grinder
  3367 | D:5      | Reached skill level 7 in Long Blades
  3375 | D:5      | Bought 2 potions of heal wounds for 110 gold pieces
  3375 | D:5      | Bought a potion of berserk rage for 55 gold pieces
  3505 | D:5      | Got an ivory hand axe
  3506 | D:5      | Identified the +5 hand axe "Zefuimpim" {venom, *Confuse rPois rN+ Str+5} (You found it on level 5 of the Dungeon)
  3963 | D:6      | Reached XP level 9. HP: 60/60 MP: 9/9
  4010 | D:6      | Reached * piety under Okawaru
  4040 | D:6      | Reached skill level 5 in Fighting
  4499 | D:6      | Found a glowing golden altar of the Shining One.
  4542 | D:6      | Noticed Pikel
  4573 | D:6      | Killed Pikel
  4573 | D:6      | Reached ** piety under Okawaru
  4573 | D:6      | Reached skill level 8 in Long Blades
  4730 | D:6      | Noticed Crazy Yiuf
  4737 | D:6      | Killed Crazy Yiuf
  5184 | D:7      | Reached XP level 10. HP: 41/68 MP: 10/10
  5283 | D:7      | Gained mutation: Your spells are a little harder to cast, but a little more powerful. [potion of mutation]
  5283 | D:7      | Gained mutation: You are frail (-10% HP). [potion of mutation]
  5299 | D:7      | Reached skill level 9 in Long Blades
  5342 | D:7      | Found a burning altar of Makhleb.
  5342 | D:7      | Noticed a balrug
  5345 | D:7      | Noticed an orange demon
  5652 | D:8      | Reached *** piety under Okawaru
  6027 | D:8      | Found a staircase to the Lair.
  6918 | D:9      | HP: 3/61 [troll (10)]
  6970 | D:9      | Reached **** piety under Okawaru
  6970 | D:9      | Reached skill level 10 in Long Blades
  7047 | D:9      | Received a gift from Okawaru
  7137 | D:9      | Found a staircase to the Orcish Mines.
  7235 | D:9      | Reached XP level 11. HP: 61/66 MP: 11/11
  7813 | D:9      | Reached ***** piety under Okawaru
  7960 | D:10     | Entered Level 10 of the Dungeon
  8003 | D:10     | Reached skill level 11 in Long Blades
  8206 | D:10     | Received a gift from Okawaru
  8206 | D:10     | Reached skill level 1 in Invocations
  8295 | D:10     | Noticed a hill giant
  8306 | D:10     | Killed a hill giant
  8313 | D:10     | Found Oguheqa's Distillery.
  8337 | D:10     | Bought a potion of curing for 39 gold pieces
  8337 | D:10     | Bought a potion of curing for 39 gold pieces
  8337 | D:10     | Bought a potion of curing for 39 gold pieces
  8337 | D:10     | Bought a potion of curing for 39 gold pieces
  8337 | D:10     | Bought a potion of heal wounds for 65 gold pieces
  8337 | D:10     | Bought a potion of curing for 39 gold pieces
  8337 | D:10     | Bought 2 potions of curing for 78 gold pieces
  8337 | D:10     | Bought a potion of poison for 13 gold pieces
  9234 | D:11     | Noticed a six-headed hydra
  9743 | D:11     | Reached XP level 12. HP: 49/72 MP: 14/14
 10195 | Lair:1   | Entered Level 1 of the Lair of Beasts
 10690 | Lair:1   | Received a gift from Okawaru
 10693 | Lair:1   | Got a shimmering robe {god gift}
 10974 | Lair:1   | Reached skill level 12 in Long Blades
 11289 | Lair:2   | Lost mutation: Your body sometimes deteriorates upon taking damage. [potion of cure mutation]
 11289 | Lair:2   | Lost mutation: Your spells are a little harder to cast, but a little more powerful. [potion of cure mutation]
 11289 | Lair:2   | Lost mutation: You are frail (-10% HP). [potion of cure mutation]
 11289 | Lair:2   | Lost mutation: You have supernaturally acute eyesight. [potion of cure mutation]
 11638 | Lair:2   | Noticed a four-headed hydra
 11952 | Lair:2   | Reached skill level 5 in Invocations
 12208 | Lair:2   | Reached skill level 10 in Shields
 12336 | Lair:2   | Reached skill level 10 in Armour
 12628 | Lair:3   | Noticed Fannar
 12642 | Lair:3   | Killed Fannar
 12652 | Lair:3   | Noticed Snorg
 12685 | Lair:3   | Killed Snorg
 13180 | Lair:3   | Noticed Rupert
 13423 | Lair:4   | Reached XP level 13. HP: 86/89 MP: 17/17
 13945 | Lair:4   | Received a gift from Okawaru
 14642 | Lair:5   | Reached skill level 13 in Long Blades
 14922 | Lair:5   | Slain by an eight-headed hydra

Action                   |  1- 3 |  4- 6 |  7- 9 | 10-12 | 13-15 || total
-------------------------+-------+-------+-------+-------+-------++-------
Melee: Long sword        |    88 |   246 |   415 |  1422 |   118 ||  2289
       Scimitar          |       |       |       |       |   109 ||   109
Invok: Heroism           |       |       |       |       |     1 ||     1
       Finesse           |       |       |       |       |     1 ||     1
Evoke: Wand              |       |       |     1 |    11 |     2 ||    14
       Lamp of fire      |       |       |       |     1 |       ||     1
       Box of beasts     |       |       |       |       |     6 ||     6
  Use: Potion            |       |     3 |     1 |    13 |     3 ||    20
       Scroll            |       |     3 |    13 |    20 |     2 ||    38
 Stab: Invisible         |       |     3 |       |     3 |     7 ||    13
       Distracted        |       |       |       |       |     1 ||     1
  Eat: Chunk             |       |     6 |     6 |    30 |     2 ||    44
       Bread ration      |       |       |     2 |     2 |       ||     4
       Pizza             |       |       |     1 |       |     1 ||     2
       Beef jerky        |       |       |       |     2 |     1 ||     3
       Royal jelly       |       |       |       |       |     1 ||     1
